 Dungeon Crawl Stone Soup version 0.30-a0-576-g89cddaab80 (webtiles) character file.

Game seed: 16641647552539531106

70821 bobo the Thaumaturge (level 14, -7/87 HPs)
             Began as a Deep Elf Fire Elementalist on Dec 31, 2022.
             Was a High Priest of Vehumet.
             Mangled by an alligator (20 damage)
             ... on level 1 of the Swamp.
             The game lasted 01:36:20 (23905 turns).

bobo the Thaumaturge (Deep Elf Fire Elementalist)  Turns: 23905, Time: 01:36:21

Health: -7/87      AC: 12    Str:  5    XL:     14   Next: 95%
Magic:  22/34      EV: 21    Int: 26    God:    Vehumet [*****.]
Gold:   1577       SH: 13    Dex: 15    Spells: 8/41 levels left

rFire   + . .      SeeInvis .    y - staff of cold
rCold   + . .      Faith    .    N - +2 kite shield
rNeg    + + .      Spirit   .    U - +3 leather armour {rF+}
rPois   .          Reflect  .    X - +1 helmet of Virtue {rN++}
rElec   .          Harm     .    b - +1 cloak
rCorr   .          Rampage  .    F - +0 pair of gloves
Will    +....                    (no boots)
Stlth   ++                       (no amulet)
HPRegen 0.34/turn                u - +5 ring of evasion
MPRegen 0.24/turn                n - ring of flight

@: about to teleport, flying
A: no striking features
a: Renounce Religion


You were on level 1 of the Swamp.
You worshipped Vehumet.
Vehumet was extremely pleased with you.
You visited 5 branches of the dungeon, and saw 19 of its levels.
You also visited: Volcano.

You collected 1877 gold pieces.
You spent 300 gold pieces at shops.

Inventory:

Hand Weapons
 B - a +5 rapier of venom
Missiles
 h - 5 throwing nets
 K - 6 boomerangs of dispersal
Armour
 b - a +1 cloak (worn)
 j - a scarf of invisibility
 D - a +2 leather armour of poison resistance
 F - a +0 pair of gloves (worn)
 N - a +2 kite shield (worn)
 U - a +3 leather armour of fire resistance (worn)
 X - the +1 helmet of Virtue (worn) {rN++}
   (You found it on level 2 of the Lair of Beasts)

   rN:        It greatly protects you from negative energy.
Magical Staves
 i - a staff of poison
 y - a staff of cold (weapon)
Jewellery
 a - an amulet of guardian spirit
 n - a ring of flight (right hand)
 u - a +5 ring of evasion (left hand)
 Y - a ring of see invisible
 Z - a ring of protection from fire
Wands
 l - a wand of polymorph (6)
 o - a wand of digging (12)
 s - a wand of flame (50)
 H - a wand of roots (13)
 L - a wand of mindburst (7)
 T - a wand of charming (11)
Scrolls
 g - 7 scrolls of teleportation
 k - 3 scrolls of amnesia
 m - 3 scrolls of magic mapping
 p - 2 scrolls of silence
 q - 4 scrolls of enchant armour
 t - 3 scrolls of fear
 w - a scroll of brand weapon
 A - a scroll of fog
 G - a scroll of blinking
 I - a scroll of enchant weapon
 R - 3 scrolls of noise
 S - a scroll of immolation
Potions
 c - a potion of heal wounds
 e - 7 potions of curing
 f - 2 potions of might
 r - 2 potions of brilliance
 v - 4 potions of haste
 x - 2 potions of attraction
 C - 2 potions of lignification
 E - 4 potions of flight
 J - 3 potions of cancellation
 O - a potion of ambrosia {unknown}
 P - a potion of resistance {unknown}
 V - a potion of invisibility {unknown}
 W - 2 potions of mutation {unknown}
Miscellaneous
 z - a phantom mirror


   Skills:
 + Level 9.9 Fighting
 - Level 5.0 Armour
 - Level 13.6 Dodging
 - Level 2.4 Stealth
 - Level 8.4 Shields
 + Level 14.3 Spellcasting
 - Level 9.6 Conjurations
 - Level 4.0 Hexes
 + Level 10.8 Fire Magic
 - Level 4.0 Ice Magic
 - Level 3.9 Earth Magic
 - Level 5.0 Poison Magic


You had 8 spell levels left.
You knew the following spells:

 Your Spells              Type           Power      Damage    Failure   Level
a - Scorch                Fire           100%       2d10      1%          2
b - Olgreb's Toxic Radia  Pois           44%        N/A       4%          4
c - Lee's Rapid Deconstr  Erth           19%        3d11*     16%         5
d - Inner Flame           Hex/Fire       55%        N/A       1%          3
e - Fulminant Prism       Conj/Hex       26%        3d14      1%          4
f - Freeze                Ice            100%       1d10      1%          1
o - Hailstorm             Conj/Ice       69%        3d14      1%          3
p - Foxfire               Conj/Fire      100%       2x1d9     1%          1
q - Momentum Strike       Conj/Tloc      86%        3d10      1%          2
s - Sticky Flame          Conj/Fire      64%        2d8       1%          4
x - Flame Wave            Conj/Fire      64%        2d15      1%          4

Your spell library contained the following spells:

 Spells                   Type           Power      Damage    Failure   Level
 Orb of Destruction       Conj           31%        9d10      41%         7
 Magic Dart               Conj           100%       1d8       1%          1
 Searing Ray              Conj           100%       2d8       1%          2
 Frozen Ramparts          Ice            100%       1d16      1%          3
 Kindle Blastsparks       Fire/Tloc/Air  74%        2d16      2%          3
 Ensorcelled Hibernation  Hex/Ice        100%       N/A       3%          2
 Apportation              Tloc           36%        N/A       12%         1
 Beastly Appendage        Tmut           36%        N/A       12%         1
 Spider Form              Tmut/Pois      31%        N/A       12%         3
 Wereblood                Tmut           18%        N/A       17%         2
 Gell's Gravitas          Tloc           18%        N/A       34%         3
 Anguish                  Hex/Necr       14%        N/A       43%         4
 Passage of Golubria      Tloc           18%        N/A       75%         4
 Alistair's Intoxication  Tmut/Pois      20%        N/A       75%         5
 Ignition                 Fire           33%        3d10      88%         8
 Ozocubu's Refrigeration  Ice            28%        4d13      98%         7


Dungeon Overview and Level Annotations

Branches:
Dungeon (10/15)            Temple (1/1) D:5            Lair (5/5) D:10
  Swamp (1/4) Lair:3        Snake (0/4) Lair:3        Slime (0/5) Lair:4
    Orc (2/2) D:9             Elf (0/3) Orc:2       Volcano (visited)

Altars:
Ashenzari
Cheibriados
Dithmenos
Fedhas
Gozag
Hepliaklqana
Kikubaaqudgha
Makhleb
Nemelex Xobeh
Qazlal
Trog
Uskayaw
Vehumet
Wu Jian
Xom
Yredelemnul
Zin
The Shining One
Lugonu

Shops:
Orc:2 ??

Portals:
Abyss: Lair:5

Annotations:
D:6 3 runed translucent doors, billz999's ghost, novice GnHu


Message History

The bunyip is moderately wounded.
A will-o-the-wisp comes into view.
Casting: Scorch (safe; 1% risk of failure)
Confirm with . or Enter, or press ? or * to list all spells.
Flames lash the bunyip.
The bunyip is burned terribly!
The bunyip is moderately wounded.
You hear a roar!
The will-o-the-wisp gestures.
The will-o-the-wisp conjures some foxfire!
A goliath frog comes into view.
Casting: Scorch (safe; 1% risk of failure)
Confirm with . or Enter, or press ? or * to list all spells.
Aiming: Sticky Flame (safe; 1% risk of failure)
Press: ? - help, Shift-Dir - straight line, f - bunyip
Aim: a bunyip (moderately wounded, more vulnerable to fire)
The sticky flame hits the bunyip but does no damage.
The bunyip is moderately wounded.
The bunyip is covered in liquid flames!
The bunyip burns!
You block the bunyip's attack. The bunyip claws you!! x2
The will-o-the-wisp gestures.
The will-o-the-wisp conjures some foxfire!
A foxfire comes into view.
An eleionoma and an alligator come into view.
The eleionoma shouts!
The bunyip burns!
Really fly into that dispersal trap?
You enter a dispersal trap!
The alligator blinks!
The bunyip blinks!
The foxfire blinks!
The alligator blinks!
The goliath frog blinks!
The eleionoma blinks!
The four-headed hydra blinks! x2; You blink.
The bunyip burns!
You block the alligator's attack.
The alligator tail-slaps you but does no damage.
The alligator misses you. The alligator tail-slaps you.
The foxfire dissipates!
The alligator bites you!!
* * * LOW HITPOINT WARNING * * *
The alligator tail-slaps you.
* * * LOW HITPOINT WARNING * * *
As you read the scroll of teleportation, it crumbles to dust.
You feel strangely unstable. The alligator bites you!!
You die...

~....##.#..§..♣ ♣..♣
........#.##..♣ .~~♣
§.........x...♣♣♣♣..♣
~..#.##........♣~...♣
#.##.§.......~..♣
#...x###...~~..♣♣
..##[...#.#......♣♣
~......t#.#..~~.♣♣
..~..#..@...♣♣..♣♣
..~♣.......♣♣♣♣.=♣
~.♣♣♣♣♣♣♣♣♣♣ ♣♣.♣ .
♣~♣ ♣(♣♣ ~ ♣~.♣ ♣~~
♣~.♣♣ ♣.~ ♣.~.♣ ♣.~
♣♣~§♣♣♣♣..


You could see a bunyip (combustible) and an alligator.

Vanquished Creatures
  Harold (Lair:2)
  A spriggan air mage (Swamp:1)
  3 hydras
  4 two-headed ogres
  10 death yaks
  3 alligators
  An orc high priest (Orc:2)
  3 thrashing horrors (Lair:5)
  Urug (Orc:1)
  A sun demon (Orc:2)
  Nergalle (Lair:1)
  3 goliath frogs (Swamp:1)
  A glowing orange brain (shapeshifter) (Lair:5)
  A bog body (Swamp:1)
  A lindwurm (Lair:5)
  5 orc knights (Orc:2)
  2 ugly things (Lair:5)
  3 will-o-the-wisps (Swamp:1)
  2 orc sorcerers
  3 salamanders (Volcano)
  7 elephants (Lair:2)
  3 large abominations (Lair:5)
  7 cane toads
  2 torpor snails
  Joseph (Lair:1)
  6 black mambas
  A rust devil (Orc:1)
  A gargoyle (D:10)
  4 rime drakes
  An ice devil (Orc:2)
  11 komodo dragons
  An ancient zyme (Lair:5)
  A troll (D:9)
  3 hornets
  A polar bear (Lair:1)
  A tyrant leech (Swamp:1)
  30 blink frogs
  7 dream sheep (Lair:4)
  A blink frog (shapeshifter) (Lair:5)
  11 small abominations (Lair:5)
  A shadow (D:10)
  3 spriggans
  2 ynoxinuls
  A human (shapeshifter) (Lair:5)
  Eustachio (D:5)
  11 basilisks
  3 fire bats (Volcano)
  5 wyverns
  46 yaks
  6 vampire mosquitoes (Swamp:1)
  A steam dragon (D:9)
  A neqoxec (Orc:2)
  3 chaos spawn (Lair:5)
  2 wargs (Orc:1)
  Edmund (D:5)
  3 nagas (Lair:3)
  12 water moccasins
  A hell hound (Volcano)
  A sky beast (D:7)
  An ice beast (D:4)
  31 orc warriors
  9 ogres
  4 wolves (Lair:4)
  4 centaurs
  A phantom (D:6)
  12 bullfrogs
  A gnoll sergeant (D:10)
  2 necrophages
  4 scorpions
  4 wights (D:9)
  3 killer bees (D:9)
  8 howler monkeys
  2 electric eels (D:9)
  A hound (D:6)
  26 orc priests
  A jelly (Lair:4)
  2 gnoll boudas
  Terence (D:3)
  7 iguanas
  17 orc wizards
  Robin (D:4)
  22 gnolls
  8 adders
  A shadow imp (D:5)
  2 white imps
  An ufetubus (D:6)
  A worm (D:3)
  4 dart slugs
  65 orcs
  8 ball pythons
  8 endoplasms
  2 giant cockroaches (D:2)
  23 goblins
  10 hobgoblins
  2 jackals
  5 bats
  2 frilled lizards (D:3)
  7 kobolds
  8 rats
575 creatures vanquished.

Vanquished Creatures (collateral kills)
  21 foxfires
21 creatures vanquished.

Vanquished Creatures (others)
  An orc high priest (Orc:2)
  1475 foxfires
  A fulminant prism (Orc:1)
  33 fungi
  70 plants
1580 creatures vanquished.

Grand Total: 2176 creatures vanquished

Notes
Turn   | Place    | Note
-------+----------+-------------------------------------------
     0 | D:1      | bobo the Deep Elf Fire Elementalist began the quest for the
                  | Orb.
     0 | D:1      | Reached XP level 1. HP: 10/10 MP: 6/6
   224 | D:1      | Reached XP level 2. HP: 15/15 MP: 2/8
   343 | D:1      | Found a faded altar of an unknown god.
   536 | D:1      | Learned a level 2 spell: Scorch
  1212 | D:2      | Reached XP level 3. HP: 19/19 MP: 6/10
  1319 | D:1      | Learned a level 3 spell: Inner Flame
  1325 | D:2      | Reached skill level 4 in Spellcasting
  1481 | D:2      | Got the Parchment of Frostbitten Superposition
  1484 | D:2      | Learned a level 1 spell: Freeze
  1499 | D:2      | Reached XP level 4. HP: 24/24 MP: 9/12
  2406 | D:3      | Noticed Terence
  2417 | D:3      | Killed Terence
  2809 | D:3      | Reached XP level 5. HP: 18/28 MP: 1/13
  2856 | D:3      | Learned a level 4 spell: Flame Wave
  3409 | D:3      | Reached skill level 1 in Shields
  3722 | D:3      | Reached skill level 5 in Spellcasting
  4021 | D:4      | Reached XP level 6. HP: 20/32 MP: 1/16
  4342 | D:4      | Noticed Robin
  4560 | D:4      | Noticed an ice beast
  4565 | D:4      | Killed an ice beast
  4566 | D:4      | Reached skill level 5 in Fire Magic
  4571 | D:4      | Learned a level 4 spell: Sticky Flame
  4892 | D:4      | Reached skill level 6 in Spellcasting
  4892 | D:4      | Reached XP level 7. HP: 36/36 MP: 9/18
  4985 | D:5      | Entered Level 5 of the Dungeon
  5137 | D:4      | Killed Robin
  5281 | D:5      | Noticed Edmund
  5310 | D:5      | Reached skill level 1 in Hexes
  5386 | D:5      | Found a staircase to the Ecumenical Temple.
  5394 | Temple   | Entered the Ecumenical Temple
  5410 | Temple   | Became a worshipper of Vehumet
  5480 | D:5      | Killed Edmund
  5481 | D:5      | Reached skill level 5 in Conjurations
  5771 | D:5      | Reached XP level 8. HP: 41/41 MP: 16/20
  5839 | D:5      | Reached skill level 7 in Spellcasting
  5966 | D:5      | Noticed Eustachio
  5979 | D:5      | Killed Eustachio
  6656 | D:6      | Found a runed translucent gate.
  6657 | D:6      | Found a runed translucent gate.
  6657 | D:6      | Found a runed translucent gate.
  6658 | D:6      | Noticed billz999's ghost (novice GnHu)
  6693 | D:6      | Identified the +1 chain mail of Ycan {Str+7 Int+2 Dex-4}
  7138 | D:7      | Noticed a hornet
  7142 | D:7      | Killed a hornet
  7143 | D:7      | Reached skill level 8 in Spellcasting
  7249 | D:7      | Reached XP level 9. HP: 45/45 MP: 20/23
  7533 | D:7      | Reached * piety under Vehumet
  7533 | D:7      | Offered knowledge of Magic Dart by Vehumet.
  8801 | D:9      | Noticed a troll
  8809 | D:9      | Killed a troll
  8810 | D:9      | Reached skill level 9 in Spellcasting
  8880 | D:9      | Noticed a two-headed ogre
  8887 | D:9      | Killed a two-headed ogre
  8888 | D:9      | Reached skill level 5 in Dodging
  8888 | D:9      | Reached skill level 5 in Shields
  9031 | D:9      | Found a shimmering altar of Xom.
  9032 | D:9      | Found an ornate altar of the Wu Jian Council.
  9032 | D:9      | Found an opulent altar of Gozag.
  9033 | D:9      | Found a blossoming altar of Fedhas.
  9034 | D:9      | Found a snail-covered altar of Cheibriados.
  9034 | D:9      | Found a broken altar of Ashenzari.
  9034 | D:9      | Found an ancient bone altar of Kikubaaqudgha.
  9034 | D:9      | Found a shadowy altar of Dithmenos.
  9038 | D:9      | Found a stormy altar of Qazlal.
  9039 | D:9      | Found a burning altar of Makhleb.
  9039 | D:9      | Found a hide-covered altar of Uskayaw.
  9082 | D:9      | Reached XP level 10. HP: 45/50 MP: 12/25
  9422 | D:9      | Offered knowledge of Momentum Strike by Vehumet.
  9456 | D:9      | Reached ** piety under Vehumet
  9646 | D:9      | Learned a level 2 spell: Momentum Strike
  9840 | D:9      | Found a staircase to the Orcish Mines.
  9901 | D:9      | Reached skill level 10 in Spellcasting
 10274 | D:9      | Noticed a two-headed ogre
 10282 | D:9      | Killed a two-headed ogre
 10532 | D:10     | Entered Level 10 of the Dungeon
 10553 | D:10     | Noticed a gargoyle
 10561 | D:10     | Killed a gargoyle
 10645 | D:9      | Learned a level 3 spell: Hailstorm
 10957 | D:10     | Offered knowledge of Searing Ray by Vehumet.
 10958 | D:10     | Reached skill level 1 in Ice Magic
 10989 | D:10     | Found a staircase to the Lair.
 11043 | D:10     | Reached XP level 11. HP: 49/55 MP: 23/27
 11528 | Lair:1   | Entered Level 1 of the Lair of Beasts
 11534 | Lair:1   | Reached skill level 1 in Fighting
 11539 | Lair:1   | Reached skill level 11 in Spellcasting
 11545 | Lair:1   | Reached *** piety under Vehumet
 11679 | Lair:1   | Noticed Joseph
 11687 | Lair:1   | Killed Joseph
 12331 | Lair:1   | Noticed Nergalle
 12341 | Lair:1   | Killed Nergalle
 12749 | Lair:2   | Noticed a six-headed hydra
 12754 | Lair:2   | Killed a six-headed hydra
 12780 | Lair:2   | Found a dark tunnel.
 12786 | Volcano  | Entered a volcano
 12830 | Volcano  | Noticed a two-headed ogre
 12830 | Volcano  | Noticed a two-headed ogre
 13070 | Volcano  | Killed a two-headed ogre
 13070 | Volcano  | Offered knowledge of Airstrike by Vehumet.
 13071 | Volcano  | Killed a two-headed ogre
 13257 | Lair:2   | Reached skill level 10 in Dodging
 13257 | Lair:2   | Reached XP level 12. HP: 67/67 MP: 20/29
 13257 | Lair:2   | Noticed Harold
 13261 | Lair:2   | Reached skill level 1 in Armour
 13453 | Lair:2   | Reached skill level 5 in Fighting
 13554 | Lair:2   | Reached **** piety under Vehumet
 13994 | Lair:2   | Identified the +1 helmet of Virtue {rN++}
 14275 | Lair:2   | Killed Harold
 14990 | Lair:3   | Noticed a four-headed hydra
 15199 | Lair:3   | Offered knowledge of Fulminant Prism by Vehumet.
 15210 | Lair:3   | Killed a four-headed hydra
 15315 | Lair:3   | Found a staircase to the Snake Pit.
 15350 | Lair:3   | Found a staircase to the Swamp.
 15776 | Lair:3   | Noticed a death yak
 15776 | Lair:3   | Noticed a death yak
 15799 | Lair:3   | Killed a death yak
 15804 | Lair:3   | Killed a death yak
 15805 | Lair:3   | Reached XP level 13. HP: 65/76 MP: 7/30
 15934 | Lair:3   | Learned a level 8 spell: Ignition
 16517 | Lair:4   | Reached skill level 5 in Armour
 16525 | Lair:4   | Learned a level 4 spell: Olgreb's Toxic Radiance
 16560 | Lair:4   | Found a runed translucent door.
 16560 | Lair:4   | Found a staircase to the Slime Pits.
 16761 | Lair:4   | Reached skill level 1 in Poison Magic
 17085 | Lair:4   | Reached ***** piety under Vehumet
 17088 | Lair:4   | Offered knowledge of Lee's Rapid Deconstruction by Vehumet.
 18013 | Lair:5   | Entered Level 5 of the Lair of Beasts
 18570 | Lair:5   | Reached skill level 5 in Poison Magic
 18940 | Lair:5   | Reached XP level 14. HP: 84/84 MP: 22/31
 18940 | Lair:5   | Found a corrupted altar of Lugonu.
 18952 | Lair:5   | Found a one-way gate to the infinite horrors of the Abyss.
 18955 | Lair:5   | Reached skill level 12 in Spellcasting
 19031 | Lair:5   | Learned a level 5 spell: Lee's Rapid Deconstruction
 19432 | Lair:5   | Offered knowledge of Spellforged Servitor by Vehumet.
 19745 | Lair:5   | Reached skill level 10 in Fire Magic
 20513 | Orc:1    | Entered Level 1 of the Orcish Mines
 20615 | Orc:1    | You fall into a shaft and drop 1 floor!
 20615 | Orc:2    | Entered Level 2 of the Orcish Mines
 21301 | Orc:1    | Noticed Urug
 21307 | Orc:1    | Killed Urug
 21315 | Orc:1    | Reached skill level 13 in Spellcasting
 21320 | Orc:1    | Learned a level 4 spell: Fulminant Prism
 21682 | Orc:2    | Found a staircase to the Elven Halls.
 21916 | Orc:2    | Offered knowledge of Orb of Destruction by Vehumet.
 21923 | Orc:2    | Found Voeruw's Magic Scroll Shoppe.
 21925 | Orc:2    | Found Lodghaarot's Magic Scroll Emporium.
 22215 | Orc:2    | Bought a scroll of identify for 32 gold pieces
 22215 | Orc:2    | Bought a scroll of identify for 32 gold pieces
 22215 | Orc:2    | Bought a scroll of fear for 64 gold pieces
 22220 | Orc:2    | Bought a scroll of identify for 30 gold pieces
 22220 | Orc:2    | Bought a scroll of brand weapon for 142 gold pieces
 22247 | Orc:2    | Reached skill level 1 in Earth Magic
 23026 | Swamp:1  | Entered Level 1 of the Swamp
 23305 | Swamp:1  | Reached skill level 14 in Spellcasting
 23905 | Swamp:1  | Mangled by an alligator

Illustrated notes

Levels and vault maps discovered:
D:1:      amcnicky_arrival_gap_in_the_tavern_cellar, layout_basic,
          hellmonk_ecumenical_altar_defaced_shrine
D:2:      layout_basic
D:3:      layout_loops_corners, kennysheep_decorative_pillar,
          minmay_joined_circles, uniq_terence
D:4:      layout_rooms, kennysheep_cross_bottleneck, uniq_robin
D:5:      layout_loops_corners, minmay_temple_entry_junction, serial_shops,
          kennysheep_mini, uniq_eustachio, uniq_edmund
D:6:      layout_loops_ring, biasface_ghost_orc_armoury
D:7:      layout_cave_pools
D:8:      layout_basic, lemuel_flamethrower_1
D:9:      layout_basic, nicolae_overflows_in_rows, erik_orc_2
D:10:     layout_loops_ring, david_lair_shrubbed
Temple:   hellmonk_temple_of_storms
Lair:1:   layout_regular_city, minivault_25, st_stairs_11, uniq_nergalle,
          uniq_joseph
Lair:2:   beast_lair_carwin_large_2, layout_regular_city,
          nicolae_volcano_entry_hallway, st_stairs_8, grunt_megastairs_2,
          uniq_harold
Lair:3:   layout_regular_city, swamp_mist_pool, guppyfry_snake_entry_island
Lair:4:   layout_cave_pods, slime_entry_2
Lair:5:   hellmonk_lair_end_abyssal_woods, layout_regular_city,
          lemuel_fruit_fields
Swamp:1:  layout_falls_marsh, evilmike_swamp_ruin_rubble_1
Orc:1:    layout_caves, basic_altar, uniq_urug
Orc:2:    pf_orc_diabolical, layout_diamond_mine, special_room, basic_altar

Skill      XL: |  1  2  3  4  5  6  7  8  9 10 11 12 13 14 |
---------------+-------------------------------------------+-----
Conjurations   | 2 3 4 5 6 7 8 9 |  9.6
Spellcasting   | 4 5 6 8 9 10 11 14 | 14.3
Fire Magic     | 4 5 6 7 8 9 10 | 10.8
Shields        | 1 2 3 4 5 6 7 8 |  8.4
Hexes          | 2 4 |  4.0
Dodging        | 3 5 7 10 12 13 | 13.6
Ice Magic      | 1 4 |  4.0
Fighting       | 4 6 8 9 |  9.9
Armour         | 4 5 |  5.0
Poison Magic   | 5 |  5.0
Earth Magic    | 3 |  3.9
Stealth        | |  2.4

Action                   |  1- 3 |  4- 6 |  7- 9 | 10-12 | 13-15 || total
-------------------------+-------+-------+-------+-------+-------++-------
Melee: Unarmed           |     1 |       |       |       |       ||     1
       Staff             |       |       |       |    12 |    14 ||    26
 Cast: Foxfire           |    55 |    84 |    93 |   260 |   357 ||   849
       Scorch            |    11 |    42 |    68 |   142 |   194 ||   457
       Inner Flame       |       |     3 |     9 |    20 |    28 ||    60
       Sticky Flame      |       |       |     5 |    30 |    51 ||    86
       Flame Wave        |       |       |     1 |     8 |    15 ||    24
       Hailstorm         |       |       |       |    24 |    31 ||    55
       Momentum Strike   |       |       |       |     4 |     2 ||     6
       Freeze            |       |       |       |    17 |    46 ||    63
       Olgreb's Toxic Ra |       |       |       |       |    27 ||    27
       Fulminant Prism   |       |       |       |       |     1 ||     1
  Use: Scroll            |       |     2 |     7 |     8 |    12 ||    29
       Potion            |       |     1 |       |     2 |     4 ||     7
Armor: Robe              |     1 |     1 |     1 |       |       ||     3
       Leather armour    |       |       |     4 |     9 |    37 ||    50
       Steam dragon scal |       |       |       |     5 |       ||     5
Dodge: Dodged            |     8 |    15 |    21 |    68 |   206 ||   318
Block: Kite shield       |       |       |    17 |    80 |   167 ||   264

Table legend: (Time is in decaauts)
 A = Elapsed time spent in this place.
 B = Non-inter-level travel time spent in this place.
 C = Inter-level travel time spent in this place.
 D = Time resting spent in this place.
 E = Time spent auto-exploring this place.
 F = Levels seen in this place.
 G = Mean time per level.
                   A        B        C        D        E       F      G
               +--------+--------+--------+--------+--------+-----+--------+
         Total |  23954 |  22977 |    977 |   3235 |  15247 |  20 | 1197.7 |
       Dungeon |  11646 |  11210 |    436 |   1098 |   8356 |  10 | 1164.6 |
        Temple |     31 |     17 |     14 |      0 |      5 |   1 |   31.0 |
          Lair |   8761 |   8342 |    419 |   1171 |   5652 |   5 | 1752.2 |
         Swamp |    738 |    738 |      0 |    128 |    428 |   1 |  738.0 |
  Orcish Mines |   2367 |   2260 |    107 |    671 |    806 |   2 | 1183.5 |
       Volcano |    410 |    410 |      0 |    167 |      0 |   1 |  410.0 |
               +--------+--------+--------+--------+--------+-----+--------+

Top non-repeatable levels by time:
  Lair:5: 2128 daAuts
     D:9: 1915 daAuts
  Lair:4: 1837 daAuts
  Lair:2: 1818 daAuts
   Orc:2: 1567 daAuts
     D:3: 1555 daAuts
  Lair:3: 1544 daAuts
  Lair:1: 1433 daAuts
     D:1: 1408 daAuts
     D:4: 1121 daAuts
     D:5: 1014 daAuts
     D:6: 1008 daAuts
     D:2: 1000 daAuts
    D:10: 962 daAuts
     D:8: 956 daAuts
